 Dungeon Sprint DCSS version 0.30-a0-800-g7c544603b3 (webtiles) character file.

Game seed: 16143677270388063941

28105 rocky1 the Bludgeoner (level 13, -12/165 HPs)
             Began as an Ogre Gladiator on Feb 22, 2023.
             Was an Initiate of Gozag.
             Mangled by Saint Roka
             ... wielding a +0 bardiche of protection
              (24 damage)
             ... in the Dungeon (Sprint IX: "|||||||||||||||||||||||||||||").
             The game lasted 00:12:33 (4552 turns).

rocky1 the Bludgeoner (Ogre Gladiator)              Turns: 4552, Time: 00:12:34

Health: -12/165    AC: 38    Str: 25    XL:     13   Next: 36%
Magic:  13/13      EV:  8    Int: 12    God:    Gozag
Gold:   2308       SH:  0    Dex: 10    Spells: 12/12 levels left

rFire   + . .      SeeInvis .    e - +3 dire flail (protect)
rCold   + . .      Faith    .    (shield currently unavailable)
rNeg    . . .      Spirit   .    v - +9 scales of the Dragon King {rPois rF+ rC+ Will+}
rPois   +          Reflect  .    c - +1 hat
rElec   .          Harm     .    r - +0 cloak
rCorr   .          Rampage  .    (gloves unavailable)
Will    ++...      NoTele   +    (boots unavailable) Stlth
                                 (no amulet)
HPRegen 0.47/turn                o - +2 ring of evasion
MPRegen 0.13/turn                p - +3 ring of intelligence

@: mighty, under a protective aura
A: large, unfitting armour, tough skin 1
a: Renounce Religion, Potion Petition, Call Merchant, Bribe Branch


You were in the Dungeon.
You worshipped Gozag.
Gozag was most pleased with you.
You visited 1 branch You collected 9723 gold pieces.
You spent 5536 gold pieces at shops.
You paid 1879 gold pieces to Gozag.

Inventory:

Hand Weapons
 e - a +3 dire flail of protection (weapon)
Missiles
 f - 7 large rocks (quivered)
 x - a silver boomerang
 y - 3 boomerangs
Armour
 b - a +1 robe
 c - a +1 hat (worn)
 r - a +0 cloak (worn)
 v - the +9 scales of the Dragon King (worn) {rPois rF+ rC+ Will+}
   (You bought it in a shop in the Dungeon)

   rF:        It protects you from fire.
   rC:        It protects you from cold.
   rPois:     It protects you from poison.
   Will:      It increases your willpower.
 w - the +3 cloak of Autumn {rElec Regen+ Str-4 Dex-4}
   (You bought it in a shop in the Dungeon)

   Str:       It affects your strength (-4).
   Dex:       It affects your dexterity (-4).
   rElec:     It insulates you from electricity.
   Regen:     It increases your rate of health regeneration.
Jewellery
 n - a ring of protection from fire
 o - a +2 ring of evasion (left hand)
 p - a +3 ring of intelligence (right hand)
 F - a ring of ice
 G - a ring of ice
 H - a ring of willpower
Wands
 a - a wand of digging (4)
 m - a wand of roots (9)
Scrolls
 l - 2 scrolls of amnesia
 s - 8 scrolls of enchant weapon
 t - 2 scrolls of identify
 A - a scroll of acquirement
 B - a scroll of enchant armour
 C - a scroll of butterflies
 D - 2 scrolls of fog
 E - a scroll of blinking
 J - a scroll of fear
Potions
 d - 2 potions of brilliance
 h - 2 potions of haste
 i - 4 potions of magic
 j - 6 potions of curing
 k - a potion of invisibility
 q - 2 potions of mutation
 z - a potion of might


   Skills:
 - Level 20.2 Fighting
 - Level 20.4 Maces & Flails
 - Level 8.6 Throwing
 + Level 12.6 Armour
 + Level 14.0 Dodging


You had 12 spell levels left.
You didn't know any spells.
Your spell library was empty.

Dungeon Overview and Level Annotations

Branches:
Dungeon (1/1)

Altars:
Cheibriados
Dithmenos
Elyvilon
Fedhas
Gozag
Hepliaklqana
Kikubaaqudgha
Makhleb
Nemelex Xobeh
Okawaru
Qazlal
Ru
Sif Muna
Trog
Uskayaw
Vehumet
Wu Jian
Xom
Yredelemnul
Zin
The Shining One
Jiyva
Lugonu

Shops:
D [*!(

Annotations:
D Saint Roka


Innate Abilities, Weirdness & Mutations

You are too large for most types of armour.
You have tough skin. (AC +1)


Message History

You puncture Saint Roka!
Saint Roka is heavily wounded.
Saint Roka drinks a potion.
Saint Roka seems to grow stronger.
You feel very mighty all of a sudden.
Saint Roka mumbles some strange prayers to Beogh against you.
Beogh smites you!
You barely miss Saint Roka.
Saint Roka is heavily wounded.
Saint Roka closely misses you.
You impale Saint Roka!!
Saint Roka is heavily wounded.
You hit Saint Roka.
Saint Roka is severely wounded.
Saint Roka invokes the aid of Beogh against you.
Beogh smites you!
You barely miss Saint Roka.
Saint Roka is severely wounded.
You thump Saint Roka!
Saint Roka is severely wounded.
Saint Roka hits you with a +0 bardiche of protection!!
* * * LOW HITPOINT WARNING * * *
You hit Saint Roka but do no damage.
Saint Roka is severely wounded.
Saint Roka calls down the wrath of Beogh upon you.
Beogh smites you!
* * * LOW HITPOINT WARNING * * *
You hit Saint Roka but do no damage.
Saint Roka is severely wounded.
You impale Saint Roka!!
Saint Roka is almost dead.
Saint Roka invokes the aid of Beogh against you.
Beogh smites you!
* * * LOW HITPOINT WARNING * * *
You puncture Saint Roka!
Saint Roka is almost dead.
You closely miss Saint Roka.
Saint Roka is almost dead.
Saint Roka hits you with a +0 bardiche of protection!!
You die...
Your body crumbles into a pile of gold.

,,,,,,,,,,,,,,,,,,,,,,,,,,,,,,,,,
*********************************
,,,,,,,,,,,,+,,,,,,,,,,,,,,,,,,,,
*********************************
,,,,,,,,,,,,,,,,,,,,,,,,,,,,,,,,,
*********************************
,+,,,~~~,,,+,,,,,,,,,+,,,,,,,,,+,
*********▓▓▓▓▓▓▓▓▓▓▓▓♣♣♣♣♣♣♣♣♣♣▓▓
,,,,,,,,,...oooo@.$$..[..........
▓▓▓▓▓▓▓▓▓▓▓▓▓▓▓▓▓▓▓▓▓▓▓▓▓▓▓▓▓▓▓▓▓
[[[[[[[[.........['[)............
▓▓▓▓▓▓▓▓▓▓▓▓▓▓▓▓▓▓▓▓▓▓▓▓▓▓▓▓▓▓▓▓▓
.................................
▓▓▓▓▓▓▓▓▓▓▓▓▓▓▓▓▓▓▓▓▓▓▓▓▓▓▓▓▓▓▓▓▓
...')))))).)....'.....∩.∩.∩.∩))).
▓▓▓▓▓▓▓▓▓▓▓▓▓▓▓▓▓▓▓▓▓▓▓▓▓▓▓▓▓▓▓▓▓
....................)............


You could see Saint Roka (strong), an orc warrior (strong), an orc priest
(strong) and an orc (strong).

Vanquished Creatures
  Gastronok (D)
  A fire giant (D)
  A very ugly thing (D)
  Josephine (D)
  A rakshasa (D)
  Harold (D)
  An ice dragon (D)
  A spriggan air mage (D)
  Erica (D)
  2 centaur warriors (D)
  A boulder beetle (D)
  A tengu warrior (D)
  A death yak (D)
  A hell knight (D)
  2 skysharks (D)
  A flayed ghost (D)
  A wizard (D)
  14 orc knights (D)
  2 ugly things (D)
  A wolf spider (D)
  2 cyclopes (D)
  2 black mambas (D)
  Joseph (D)
  A gargoyle (D)
  2 cane toads (D)
  An unseen horror (D)
  2 komodo dragons (D)
  A freezing wraith (D)
  6 polar bears (D)
  2 trolls (D)
  A raiju (shapeshifter) (D)
  5 wraiths (D)
  3 yaks (D)
  2 basilisks (D)
  Grum (D)
  A warg (D)
  4 water moccasins (D)
  9 orc warriors (D)
  4 black bears (D)
  2 wolves (D)
  A scorpion (D)
  A necrophage (D)
  2 howler monkeys (D)
  A hound (D)
  An orc priest (D)
  3 orc wizards (D)
  2 adders (D)
  13 orcs (D)
  2 bats (D)
  An endoplasm (D)
  A goblin (D)
  A hobgoblin (D)
117 creatures vanquished.

Notes
Turn   | Place    | Note
-------+----------+-------------------------------------------
     0 | D        | rocky1 the Ogre Gladiator began the quest for the Orb.
     0 | D        | Reached XP level 1. HP: 22/22 MP: 1/1
    26 | D        | Noticed a necrophage
    26 | D        | Noticed a hound
    26 | D        | Noticed a scorpion
    30 | D        | Reached XP level 2. HP: 33/33 MP: 2/2
    39 | D        | Killed a necrophage
    40 | D        | Reached XP level 3. HP: 31/45 MP: 3/3
    40 | D        | Reached XP level 4. HP: 37/53 MP: 4/4
    54 | D        | Killed a scorpion
    55 | D        | Reached XP level 5. HP: 11/66 MP: 5/5
   334 | D        | Found a snail-covered altar of Cheibriados.
   334 | D        | Found a shadowy altar of Dithmenos.
   334 | D        | Found a white marble altar of Elyvilon.
   334 | D        | Found a blossoming altar of Fedhas.
   334 | D        | Found an opulent altar of Gozag.
   335 | D        | Found a hazy altar of Hepliaklqana.
   336 | D        | Found a viscous altar of Jiyva.
   337 | D        | Found an ancient bone altar of Kikubaaqudgha.
   338 | D        | Found a corrupted altar of Lugonu.
   339 | D        | Found a burning altar of Makhleb.
   340 | D        | Found a sparkling altar of Nemelex Xobeh.
   341 | D        | Found an iron altar of Okawaru.
   342 | D        | Became a worshipper of Gozag Ym Sagoz the Greedy
   343 | D        | Found a stormy altar of Qazlal.
   344 | D        | Found a sacrificial altar of Ru.
   345 | D        | Found a shimmering blue altar of Sif Muna.
   346 | D        | Found a bloodstained altar of Trog.
   347 | D        | Found a hide-covered altar of Uskayaw.
   348 | D        | Found a radiant altar of Vehumet.
   349 | D        | Found an ornate altar of the Wu Jian Council.
   350 | D        | Found a shimmering altar of Xom.
   351 | D        | Found a basalt altar of Yredelemnul.
   352 | D        | Found a glowing silver altar of Zin.
   353 | D        | Found a glowing golden altar of the Shining One.
   381 | D        | Noticed a yak
   381 | D        | Noticed a yak
   381 | D        | Noticed a gargoyle
   381 | D        | Noticed a troll
   384 | D        | Killed a yak
   385 | D        | Reached skill level 10 in Fighting
   385 | D        | Reached skill level 10 in Maces & Flails
   385 | D        | Reached XP level 6. HP: 78/78 MP: 6/6
   391 | D        | Killed a yak
   392 | D        | Reached XP level 7. HP: 66/88 MP: 7/7
   413 | D        | Killed a gargoyle
   423 | D        | HP: 3/92 [troll (4)]
   424 | D        | Killed a troll
   425 | D        | Reached XP level 8. HP: 4/102 MP: 8/8
   798 | D        | Noticed a centaur warrior
   798 | D        | Noticed a boulder beetle
   798 | D        | Noticed a cyclops
   798 | D        | Noticed a cyclops
   798 | D        | Noticed a cyan ugly thing
   806 | D        | Killed a centaur warrior
   817 | D        | Killed a boulder beetle
   818 | D        | Reached skill level 15 in Fighting
   818 | D        | Reached skill level 15 in Maces & Flails
   818 | D        | Reached XP level 9. HP: 63/115 MP: 9/9
   823 | D        | Killed an unseen horror
   830 | D        | Killed a cyclops
   835 | D        | Killed a cyclops
   847 | D        | Killed a cyan ugly thing
   848 | D        | Reached XP level 10. HP: 46/130 MP: 10/10
  1169 | D        | Noticed a cane toad
  1178 | D        | Reached skill level 1 in Armour
  1178 | D        | Noticed a skyshark
  1184 | D        | Killed a cane toad
  1215 | D        | Killed a skyshark
  1220 | D        | Reached skill level 5 in Dodging
  1391 | D        | Noticed a death yak
  1391 | D        | Noticed a black mamba
  1391 | D        | Noticed a skyshark
  1392 | D        | Noticed a cane toad
  1407 | D        | Killed a death yak
  1412 | D        | Noticed a black mamba
  1435 | D        | Killed a black mamba
  1436 | D        | Reached XP level 11. HP: 48/141 MP: 11/11
  1827 | D        | Killed a skyshark
  1833 | D        | Reached skill level 5 in Armour
  2054 | D        | Reached skill level 5 in Throwing
  2151 | D        | Noticed Joseph
  2164 | D        | Killed Joseph
  2283 | D        | Noticed Harold
  2295 | D        | Killed Harold
  2353 | D        | Noticed Grum
  2369 | D        | Killed Grum
  2582 | D        | Bought the +9 scales of the Dragon King {rPois rF+ rC+
                  | Will+} for 3369 gold pieces
  2582 | D        | Found the +9 scales of the Dragon King {rPois rF+ rC+
                  | Will+}
  2582 | D        | Bought an encrusted cloak for 256 gold pieces
  2582 | D        | Identified the +3 cloak of Autumn {rElec Regen+ Str-4
                  | Dex-4} (You bought it in a shop in the Dungeon)
  2631 | D        | Noticed an orc knight
  2631 | D        | Noticed an orc knight
  2631 | D        | Noticed an orc knight
  2645 | D        | Killed an orc knight
  2658 | D        | Killed an orc knight
  2663 | D        | Killed an orc knight
  2920 | D        | Found Reguic's Assorted Antiques.
  2920 | D        | Noticed an orc knight
  2920 | D        | Noticed an orc knight
  2920 | D        | Noticed an orc knight
  2920 | D        | Noticed an orc knight
  2920 | D        | Noticed an orc knight
  2926 | D        | Killed an orc knight
  2932 | D        | Noticed an orc knight
  2934 | D        | Killed an orc knight
  2935 | D        | Reached XP level 12. HP: 134/156 MP: 12/12
  3476 | D        | Found Vun Zorr's Distillery.
  3479 | D        | Found Pueshy's Magic Scroll Emporium.
  3481 | D        | Found Ylez's Antique Weapon Shoppe.
  3760 | D        | Bought a scroll labelled TAECHOPT ZURHOI for 22 gold pieces
  3760 | D        | Bought a potion of invisibility for 176 gold pieces
  3760 | D        | Bought a scroll of enchant weapon for 165 gold pieces
  3760 | D        | Bought a potion of curing for 66 gold pieces
  3760 | D        | Bought a scroll labelled UPAUNUM KOI for 22 gold pieces
  3760 | D        | Bought a scroll of identify for 44 gold pieces
  3762 | D        | Bought a potion of curing for 36 gold pieces
  3762 | D        | Bought a potion of might for 48 gold pieces
  3762 | D        | Bought a potion of might for 48 gold pieces
  3764 | D        | Bought a scroll of identify for 26 gold pieces
  3764 | D        | Bought a scroll of enchant weapon for 97 gold pieces
  3764 | D        | Bought a scroll of acquirement for 676 gold pieces
  3764 | D        | Bought a scroll of enchant armour for 97 gold pieces
  3764 | D        | Bought a scroll of butterflies for 52 gold pieces
  3764 | D        | Bought a scroll of fog for 52 gold pieces
  3764 | D        | Bought a scroll of blinking for 97 gold pieces
  3766 | D        | Bought a translucent flail for 187 gold pieces
  3766 | D        | Identified the +3 flail "Muusutz" {spect, rElec rN+ Will-
                  | Dex+3} (You bought it in a shop in the Dungeon)
  3790 | D        | Noticed Erica
  3800 | D        | Killed Erica
  3854 | D        | Noticed Josephine
  3868 | D        | Killed Josephine
  3869 | D        | Reached skill level 10 in Dodging
  4025 | D        | Noticed a tengu warrior
  4025 | D        | Noticed a centaur warrior
  4041 | D        | Killed a tengu warrior
  4042 | D        | Noticed a spriggan air mage
  4053 | D        | Noticed a purple very ugly thing
  4066 | D        | Killed a centaur warrior
  4067 | D        | Reached skill level 10 in Armour
  4074 | D        | Noticed a rakshasa
  4101 | D        | Killed a spriggan air mage
  4102 | D        | Reached XP level 13. HP: 61/165 MP: 13/13
  4109 | D        | Killed a purple very ugly thing
  4111 | D        | Noticed an ice dragon
  4114 | D        | Noticed an ice dragon
  4117 | D        | HP: 6/165 [flayed ghost (7)]
  4118 | D        | Noticed a fire giant
  4131 | D        | Killed a rakshasa
  4137 | D        | Killed an ice dragon
  4143 | D        | Killed a fire giant
  4489 | D        | Noticed Gastronok
  4504 | D        | Killed Gastronok
  4514 | D        | Noticed Saint Roka
  4552 | D        | Mangled by Saint Roka

Illustrated notes

Levels and vault maps discovered:
D:        linesprint [early_d, line_temple, items_1, d_10, items_2, lair_1,
          lair_end, items_3, orc_1, orc_end, items_4, d_15, swamp_1, shoals_1,
          snake_1, spider_1, d_20, vaults_1, items_5, swamp_end, shoals_end,
          snake_end, spider_end, vaults_end, d_27, items_6, zot_1, zot_end,
          crypt_end, forest_end, elf_end, slime_end, tomb_end, abyss_end,
          pan_hell_end]

Skill      XL: |  1  2  3  4  5  6  7  8  9 10 11 12 13 |
---------------+----------------------------------------+-----
Fighting       | 4 6 8 10 11 13 15 16 18 19 20 | 20.2
Maces & Flails | 4 6 8 10 11 13 15 16 18 19 20 | 20.4
Armour         | 4 7 10 12 | 12.6
Dodging        | 5 8 12 14 | 14.0
Throwing       | 3 7 8 |  8.6

Action                     |  1- 3 |  4- 6 |  7- 9 | 10-12 | 13-15 || total
---------------------------+-------+-------+-------+-------+-------++-------
  Melee: Flail             |    25 |    11 |       |       |       ||    36
         Dire flail        |       |    10 |    73 |   471 |    84 ||   638
  Throw: Throwing net      |       |     2 |       |     4 |       ||     6
         Large rock        |       |       |       |    10 |       ||    10
 Invoke: Call Merchant     |       |       |       |     1 |       ||     1
         Potion Petition   |       |       |       |     3 |     1 ||     4
  Evoke: Wand              |       |       |       |       |     1 ||     1
    Use: Potion            |     1 |     1 |     4 |     5 |     3 ||    14
         Scroll            |       |       |       |     9 |       ||     9
   Stab: Held in net/web   |       |     1 |       |     2 |       ||     3
         Distracted        |       |     1 |       |     3 |     1 ||     5
         Invisible         |       |       |     8 |       |     4 ||    12
 Armour: Robe              |    10 |     3 |    16 |    50 |       ||    79
         Gold dragon scale |       |       |       |   109 |    22 ||   131
  Dodge: Dodged            |     9 |     7 |    23 |   112 |    15 ||   166

Table legend: (Time is in decaauts)
 A = Elapsed time spent in this place.
 B = Non-inter-level travel time spent in this place.
 C = Inter-level travel time spent in this place.
 D = Time resting spent in this place.
 E = Time spent auto-exploring this place.
 F = Levels seen in this place.
 G = Mean time per level.
                   A        B        C        D        E       F      G
               +--------+--------+--------+--------+--------+-----+--------+
         Total |   4319 |   4319 |      0 |   2897 |      0 |   1 | 4319.0 |
       Dungeon |   4319 |   4319 |      0 |   2897 |      0 |   1 | 4319.0 |
               +--------+--------+--------+--------+--------+-----+--------+

Top non-repeatable levels by time:
       D: 4319 daAuts
